 Dungeon Crawl Stone Soup version 0.29-a0-284-gf9362112df (webtiles) character file.

Game seed: 12867133562599836490

65 sizableburger the Ducker (level 3, 0/22 HPs)
             Began as a Deep Elf Gladiator on Mar 29, 2022.
             Was an Initiate of the Shining One.
             Succumbed to a scorpion's poison
             ... on level 5 of the Dungeon.
             The game lasted 00:02:14 (1261 turns).

sizableburger the Ducker (Deep Elf Gladiator)       Turns: 1261, Time: 00:02:14

Health: 0/22       AC:  6    Str:  9 (11) XL:     3   Next: 94%
Magic:  5/5        EV: 11    Int: 10 (12) God:    the Shining One [......]
Gold:   84         SH:  0    Dex: 15 (18) Spells: 2/2 levels left

rFire   . . .      SeeInvis .   a - +0 long sword (protect)
rCold   . . .      Faith    .   (no shield)
rNeg    . . .      Spirit   .   j - +0 ring mail
rPois   .          Reflect  .   c - +0 helmet
rElec   .          Harm     .   (no cloak)
rCorr   .          Rampage  .   (no gloves)
Will    .....                   (no boots)
Stlth   +.........              (no amulet)
HPRegen 0.07/turn               (no ring)
MPRegen 0.09/turn               (no ring)

@: lethally poisoned (0 -> -5), about to teleport, weak-willed, flying, glowing
A: no striking features
a: Renounce Religion


You were on level 5 of the Dungeon.
You worshipped the Shining One.
The Shining One was noncommittal.
You visited 1 branch of the dungeon, and saw 4 of its levels.

You collected 84 gold pieces.

Inventory:

Hand Weapons
 a - a +0 long sword of protection (weapon)
Missiles
 d - 3 throwing nets (quivered)
 e - a javelin
Armour
 c - a +0 helmet (worn)
 j - a +0 ring mail (worn)
Scrolls
 g - a scroll of fog
 i - a scroll of magic mapping {unknown}
Potions
 h - a potion of degeneration
 k - a potion of flight


   Skills:
 + Level 2.4 Fighting
 + Level 3.3 Long Blades
 - Level 2.0 Throwing
 + Level 4.4 Dodging


You had 2 spell levels left.
You didn't know any spells.
Your spell library was empty.

Dungeon Overview and Level Annotations

Branches:
Dungeon (5/15)
 Temple: D:4-7

Altars:
The Shining One

Annotations:
D:4 Grinder


Message History

The jelly is moderately wounded.
The jelly struggles against the net.
You catch the helpless jelly completely off-guard!
You slash the jelly!
Your hands burn!
* * * LOW HITPOINT WARNING * * *
The jelly is severely wounded.
The jelly struggles against the net. x2
You slash the jelly!
You kill the jelly!
d - 3 throwing nets (gained 1)
A scorpion comes into view.
There is a glowing golden altar of the Shining One here.
You kneel at the altar of the Shining One.
Unknown command.
Press < or > to pray at altars.
You kneel at the altar of the Shining One.
The Shining One welcomes you!
It was a potion of degeneration.
There was something very wrong with that liquid.
You feel weakened.
You feel dopey.
You feel clumsy.
It was a potion of flight.
You feel very buoyant.
You fly up into the air.
As you read the scroll labelled WUINYACUNN, it crumbles to dust.
Magic quickly surges around you.
It was a scroll of vulnerability.
The scorpion stings you but does no damage.
The scorpion stings you.
* * * LOW HITPOINT WARNING * * *
You are lethally poisoned!
The scorpion poisons you!
As you read the scroll labelled NUHIS WUGON, it crumbles to dust.
You feel strangely unstable.
It was a scroll of teleportation.
* * * LOW HITPOINT WARNING * * *
You feel sick.
The scorpion stings you but does no damage.
Unknown command.
Press < or > to pray at altars.
The scorpion attacks as you move away! The scorpion stings you.
* * * LOW HITPOINT WARNING * * *
You die...

#.## ..# ..# #.#
#.# . ##.##
...###...####.#.
......s_@.......
..####...###.##.
##.## ## #†# ...
#.####.....
#............
##.#..........
..####...........#
.$........#......#


You could see a scorpion (weak-willed).

Vanquished Creatures
  A jelly (D:5)
  3 adders
  A bat (D:1)
  A goblin (D:1)
  3 hobgoblins (D:1)
  A frilled lizard (D:1)
  2 kobolds (D:1)
  A rat (D:2)
13 creatures vanquished.

Notes
Turn   | Place    | Note
-------+----------+-------------------------------------------
     0 | D:1      | sizableburger the Deep Elf Gladiator began the quest for
                  | the Orb.
     0 | D:1      | Reached XP level 1. HP: 12/12 MP: 3/3
   670 | D:1      | Reached XP level 2. HP: 17/17 MP: 4/4
   837 | D:1      | Found a faded altar of an unknown god.
  1141 | D:2      | You fall into a shaft and drop 2 floors!
  1157 | D:4      | Reached skill level 4 in Dodging
  1189 | D:4      | Reached XP level 3. HP: 21/21 MP: 5/5
  1196 | D:4      | Noticed a lemure
  1196 | D:4      | Noticed an ogre
  1199 | D:4      | Noticed Grinder
  1201 | D:4      | Paralysed by Grinder for 6 turns
  1217 | D:5      | Entered Level 5 of the Dungeon
  1234 | D:5      | Found a glowing golden altar of the Shining One.
  1254 | D:5      | Noticed a scorpion
  1256 | D:5      | Became a worshipper of the Shining One
  1261 | D:5      | HP: 1/22 [scorpion (2)]
  1261 | D:5      | Succumbed to a scorpion's poison

Illustrated notes

Levels and vault maps discovered:
D:1:      saegor_arrival_miasma, layout_basic,
          hellmonk_ecumenical_altar_arch_garden, dk_noncrumbling_2
D:2:      layout_basic
D:4:      layout_loops_ring, uniq_pikel, uniq_grinder, uniq_eustachio
D:5:      layout_rooms, nicolae_overflow_crystal_walls, temple_hall,
          uniq_crazy_yiuf_cottage, uniq_ijyb

Skill      XL: |  1  2 |
---------------+-------+-----
Fighting       | 2 |  2.4
Long Blades    | 3 |  3.3
Dodging        | 4 |  4.4
Throwing       | |  2.0

Action                   || total
-------------------------++-------
Melee: Long sword        ||    56
Throw: Throwing net      ||     2
  Use: Scroll            ||     5
       Potion            ||     2
 Stab: Held in net/web   ||     1
Armor: Leather armour    ||    16
       Ring mail         ||    17
Dodge: Dodged            ||    48

Table legend: (Time is in decaauts)
 A = Elapsed time spent in this place.
 B = Non-inter-level travel time spent in this place.
 C = Inter-level travel time spent in this place.
 D = Time resting spent in this place.
 E = Time spent auto-exploring this place.
 F = Levels seen in this place.
 G = Mean time per level.
                   A        B        C        D        E       F      G
               +--------+--------+--------+--------+--------+-----+--------+
         Total |   1274 |   1206 |     68 |    154 |    836 |   4 |  318.5 |
       Dungeon |   1274 |   1206 |     68 |    154 |    836 |   4 |  318.5 |
               +--------+--------+--------+--------+--------+-----+--------+

Top non-repeatable levels by time:
     D:1: 1115 daAuts
     D:4: 77 daAuts
     D:5: 45 daAuts
     D:2: 34 daAuts
